 Dungeon Crawl Stone Soup version 0.17-a0-1970-g7a13dd1 (webtiles) character file.

47 HungrySpirit the Cudgeler (level 3, -1/35 HPs)
             Began as an Ogre Artificer on Oct 4, 2015.
             Was an Initiate of Okawaru.
             Slain by a giant cockroach (2 damage)
             ... on level 2 of the Dungeon.
             The game lasted 00:03:09 (2556 turns).

HungrySpirit the Cudgeler (Ogre Artificer)          Turns: 2556, Time: 00:03:09

Health: -1/35      AC:  3    Str: 17    XL:     3   Next: 70%
Magic:  4/4        EV: 10    Int: 11    God:    Okawaru [......]
Gold:   77         SH:  0    Dex: 10    Spells: 0 memorised, 2 levels left

rFire  . . .     SeeInvis .     a - +0 club
rCold  . . .     Clarity  .     b - +0 robe
rNeg   . . .     SustAt   .     (no shield)
rPois  .         Gourm    .     (helmet restricted)
rElec  .         Spirit   .     (no cloak)
rCorr  .         Warding  .     (gloves unavailable)
rMut   .         Stasis   .     (boots unavailable)
MR     .....                    (no amulet)
Stlth  +.........               (no ring)
                                (no ring)

@: not resistant to hostile enchantments, very unstealthy
A: unfitting armour, tough skin 1
a: Renounce Religion


You were on level 2 of the Dungeon.
You worshipped Okawaru.
Okawaru was noncommittal.
You were not hungry.

You visited 1 branch of the dungeon, and saw 2 of its levels.

You collected 77 gold pieces.

Inventory:

Hand weapons
 a - a +0 club (weapon)
 o - a +0 mace
Armour
 b - a +0 robe (worn)
Jewellery
 m - an uncursed ring of teleportation
Magical devices
 c - a wand of flame (0)
 d - a wand of enslavement (15)
 e - a wand of random effects (14)
Scrolls
 g - a scroll of amnesia {unknown}
 h - 2 scrolls of remove curse
 j - a scroll of fear {unknown}
 k - 2 scrolls of fog {unknown}
 n - a scroll of teleportation {unknown}
 p - a scroll of identify {unknown}
Potions
 i - a potion of cure mutation {unknown}
 l - a potion of poison {unknown}
Comestibles
 f - 3 bread rations


   Skills:
 - Level 2.1 Fighting
   Level 0.5 Short Blades
 * Level 3.9 Maces & Flails
 - Level 1.7 Dodging
 - Level 0.7 Stealth
 - Level 2.4 Evocations


You had 2 spell levels left.
You didn't know any spells.

Dungeon Overview and Level Annotations

Branches:
Dungeon (2/15)

Altars:
Okawaru


Innate Abilities, Weirdness & Mutations

You are too large for most types of armour.
You have tough skin (AC +1).


Message History

You barely miss the giant cockroach.
The giant cockroach is moderately wounded.
The giant cockroach bites you but does no damage.
You hit the giant cockroach but do no damage.
The giant cockroach is moderately wounded.
The giant cockroach bites you.
* * * LOW HITPOINT WARNING * * *
The giant cockroach bites you.
* * * LOW HITPOINT WARNING * * *
You hit the giant cockroach but do no damage.
The giant cockroach is moderately wounded.
The giant cockroach bites you.
* * * LOW HITPOINT WARNING * * *
You hit the giant cockroach but do no damage.
The giant cockroach is moderately wounded.
The giant cockroach closely misses you.
You hit the giant cockroach but do no damage.
The giant cockroach is moderately wounded.
The giant cockroach bites you.
You die...

##............###.#
#. ##...###...#.#
.# #. ##...#...##.#
# #. #......###.###
## #..###........
##..# #.###.###
#...###.###.#
#............#
##...###@##### ##.#
#s# #.# # ..# ###


You could see a giant cockroach.

Vanquished Creatures
  An adder (D:2)
  2 worms (D:2)
  6 bats
  8 goblins
  6 hobgoblins
  A ball python (D:1)
  3 kobolds (D:1)
  4 rats
31 creatures vanquished.

Notes
Turn   | Place    | Note
--------------------------------------------------------------
     0 | D:1      | HungrySpirit the Ogre Artificer began the quest for the Orb.
     0 | D:1      | Reached XP level 1. HP: 19/19 MP: 2/2
   492 | D:1      | Reached skill level 1 in Maces & Flails
   596 | D:1      | Reached XP level 2. HP: 12/28 MP: 3/3
  1883 | D:1      | Reached XP level 3. HP: 31/35 MP: 4/4
  1997 | D:2      | Reached skill level 3 in Maces & Flails
  2437 | D:2      | Found an iron altar of Okawaru.
  2443 | D:2      | Became a worshipper of Warmaster Okawaru
  2554 | D:2      | HP: 1/35 [giant cockroach (2)]
  2556 | D:2      | Slain by a giant cockroach

Vault maps used:
D:1:      roderic_chinese_lattice_arrival, minmay_misc_feat_x, bh_walls_and_bars
D:2:      first_bread, minmay_hedge_maze, okawaru_ov_weapons_minmay

Action                   || total
-------------------------++-------
Melee: Club              ||   143
       Short sword       ||    11
Evoke: Wand              ||    16
  Use: Scroll            ||     2
  Eat: Chunk             ||     5
